 Dungeon Crawl Stone Soup version 0.23-a0-389-g4a5eb33 (webtiles) character file.

164 wazuzu the Sneak (level 5, 0/24 HPs)
             Began as a Vine Stalker Enchanter on Oct 29, 2018.
             Slain by a scorpion (3 damage)
             ... on level 4 of the Dungeon.
             The game lasted 00:08:12 (3932 turns).

wazuzu the Sneak (Vine Stalker Enchanter)           Turns: 3932, Time: 00:08:12

Health: 0/24       AC:  6    Str: 11    XL:     5   Next: 45%
Magic:  0/9        EV: 10    Int: 15    God:
Gold:   232        SH:  0    Dex: 15    Spells: 7/8 levels left

rFire    . . .     SeeInvis .   f - -3 dagger (curse)
rCold    . . .     Gourm    .   (no shield)
rNeg     . . .     Faith    .   o - +0 ring mail
rPois    .         Spirit   +   (no helmet)
rElec    .         Reflect  .   l - +0 cloak
rCorr    .         Harm     .   (no gloves)
MR       .....                  (no boots)
Stlth    ++........             (no amulet)
HPRegen  0.48/turn              (no ring)
MPRegen  0.11/turn              (no ring)

@: lethally poisoned (0 -> 0)
A: fangs 2, regeneration 1, magic shield, antimagic bite, no potion heal 3, rot
immunity
a: no special abilities


You were on level 4 of the Dungeon.
You were hungry.

You visited 1 branch of the dungeon, and saw 4 of its levels.

You collected 232 gold pieces.

Inventory:

Hand Weapons
 c - a +1 dagger of venom
 f - a cursed -3 dagger (weapon)
Missiles
 h - 53 stones (quivered)
Armour
 l - a +0 cloak (worn)
 o - a +0 ring mail (worn)
Jewellery
 p - a cursed amulet of inaccuracy {unknown}
Scrolls
 b - a scroll of enchant weapon
 e - a scroll of teleportation
 k - a scroll of fog
 m - a scroll of identify
Potions
 a - a potion of brilliance {unknown}
 g - 2 potions of might
 i - a potion of haste
 j - a potion of curing
Comestibles
 d - 7 rations


   Skills:
 * Level 3.8 Short Blades
 - Level 1.5 Dodging
 + Level 5.3 Stealth
 - Level 2.1 Spellcasting
 - Level 3.0 Hexes


You had 7 spell levels left.
You knew the following spells:

 Your Spells              Type           Power        Failure   Level  Hunger
a - Corona                Hex            ##.....      16%         1    #......

Your spell library contained the following spells:

 Spells                   Type           Power        Failure   Level  Hunger
 Ensorcelled Hibernation  Hex/Ice        #.....       41%         2    ###....
 Confuse                  Hex            ##......     43%         3    ###....
 Tukima's Dance           Hex            ##......     43%         3    ###....
 Dazzling Spray           Conj/Hex       #.....       65%         3    ###....


Dungeon Overview and Level Annotations

Branches:
Dungeon (4/15)
 Temple: D:4-7

Altars:
Wu Jian

Annotations:
D:3 Sigmund
D:4 2 transporters, lul123's ghost, amateur DsFi


Innate Abilities, Weirdness & Mutations

You have extremely sharp teeth.
Your natural rate of healing is unusually fast.
When hurt, damage is shared between your health and your magic reserves.
Your bite disrupts and absorbs the magic of your enemies.
Potions cannot restore your health.
You are immune to rotting.


Message History

The scorpion is heavily wounded!
You feel sick!
The scorpion stings you! * * * don't die
* * * You stick the scorpion but do no damage!
You bite the scorpion, but do no damage!
The scorpion is heavily wounded!
You feel sick!
You feel sick!
You feel sick!
You feel sick!
You feel sick!
You feel sick!
Found a transporter!
You feel sick!
You open the door! The scorpion misses you! The scorpion misses you!
There is an open door here!
You feel sick! The scorpion stings you!!! rip

...# ....... ...# ..(....
...## ###### ....... ....#
#####..#.###....... ....#
#.....#....'....... ....#
#.....#....#....... ....#
#.....#....#....... ....#
#..<..#....#.....!. ....#
#.....##@..#.......
...######.....##s.##.......
...#...#......##'## ...#+##
...'...#..........# ...#
...##.............#
....#..#########..#
....#.##.W...oS##.#
....#.#8W.#.#.l8#.#
....+.#..#...#..#..


You could see a scorpion, an adder and a frilled lizard (wandering).

Vanquished Creatures
  A wyvern skeleton (D:3)
  3 gnolls (D:3)
  2 adders
  2 oozes
  2 worms
  A leopard gecko (D:2)
  2 orcs (D:3)
  7 bats
  2 giant cockroaches (D:1)
  9 goblins
  2 hobgoblins
  4 jackals (D:1)
  4 frilled lizards
  8 kobolds
  4 rats
53 creatures vanquished.

Notes
Turn   | Place    | Note
-------+----------+-------------------------------------------
     0 | D:1      | wazuzu the Vine Stalker Enchanter began the quest for the
                  | Orb.
     0 | D:1      | Reached XP level 1. HP: 9/9 MP: 4/4
    47 | D:1      | Reached skill level 1 in Short Blades
   349 | D:1      | Reached XP level 2. HP: 7/13 MP: 4/6
   520 | D:1      | Reached skill level 4 in Stealth
   702 | D:1      | Reached XP level 3. HP: 13/16 MP: 7/7
  1413 | D:2      | Found an ornate altar of the Wu Jian Council.
  2920 | D:3      | Noticed Sigmund
  3095 | D:3      | Gained mutation: Your natural rate of healing is unusually
                  | fast. [Vine Stalker growth]
  3095 | D:3      | Reached XP level 4. HP: 19/21 MP: 8/8
  3735 | D:3      | Reached skill level 5 in Stealth
  3735 | D:3      | Reached XP level 5. HP: 5/24 MP: 2/9
  3863 | D:4      | Found a transporter.
  3863 | D:4      | Noticed lul123's ghost (amateur DsFi)
  3926 | D:4      | Found a transporter.
  3932 | D:4      | Slain by a scorpion

Vault maps used:
D:1:      dpeg_arrival_radiant
D:2:      lemuel_crystal_altar
D:3:      uniq_sigmund
D:4:      gammafunk_ghost_arena

Skill      XL: |  1  2  3  4 |
---------------+-------------+-----
Short Blades   | 1 2 3 |  3.8
Stealth        | 4 5 |  5.3
Dodging        | |  1.5
Spellcasting   | |  2.1
Hexes          | |  3.0

Action                   |  1- 3 |  4- 6 || total
-------------------------+-------+-------++-------
Melee: Dagger            |   194 |   162 ||   356
       Bite              |    52 |    41 ||    93
Throw: Stone             |       |     4 ||     4
  Use: Scroll            |     9 |     2 ||    11
       Potion            |       |     1 ||     1
 Stab: Sleeping          |     5 |     2 ||     7
  Eat: Chunk             |     7 |     2 ||     9
Armor: Robe              |    12 |       ||    12
       Ring mail         |    41 |    34 ||    75
       Skin              |       |    33 ||    33
Dodge: Dodged            |    90 |    44 ||   134

Table legend:
 A = Non-vault XP
 B = Vault XP
 C = Vault XP percentage of total XP
 D = Non-vault monster count
 E = Vault monster count
 F = Vault count percentage of total count
                 A         B        C        D         E       F
            +---------+---------+-------+---------+---------+-------
      Total |     235 |       0 |   0.0 |      53 |       0 |   0.0
            +---------+---------+-------+---------+---------+-------
        D:1 |      43 |       0 |   0.0 |      25 |       0 |   0.0
        D:2 |      24 |       0 |   0.0 |       9 |       0 |   0.0
        D:3 |     155 |       0 |   0.0 |      18 |       0 |   0.0
        D:4 |      13 |       0 |   0.0 |       1 |       0 |   0.0
            +---------+---------+-------+---------+---------+-------
